 Dungeon Crawl Stone Soup version 0.31.0-9-g3a7656b989 (webtiles) character file.

Game seed: 668464249135868107

1897 qw the Nimble (level 8, -6/39 HPs)
             Began as a Spriggan Hunter on Feb 2, 2024.
             Was a Priest of Okawaru.
             Engulfed by a cloud of steam (9 damage)
             ... on level 6 of the Dungeon.
             The game lasted 00:00:18 (5197 turns).

qw the Nimble (Spriggan Hunter)                     Turns: 5197, Time: 00:00:19

Health: -6/39      AC:  3    Str:  7    XL:     8   Next: 93%
Magic:  12/12      EV: 26    Int: 10    God:    Okawaru [***...]
Gold:   295        SH:  5    Dex: 21    Spells: 7/7 levels left

rFire   . . .        k - +0 shortbow (drain)
rCold   . . .        (shield currently unavailable)
rNeg    . . .        c - +1 robe
rPois   .            (helmet restricted)
rElec   .            (no cloak)
rCorr   +            (gloves unavailable)
SInv    +            (boots unavailable)
Will    +....        p - amulet of reflection
Stlth   ++           j - ring of resist corrosion
HPRegen 0.26/turn    (no ring)
MPRegen 0.13/turn

%: reflection
@: very quick
A: very small, no large weapons, unfitting armour, see invisible, speed 3
a: Renounce Religion, Heroism


You were on level 6 of the Dungeon.
You worshipped Okawaru.
Okawaru was most pleased with you.
You visited 2 branches of the dungeon, and saw 7 of its levels.

You collected 376 gold pieces.
You spent 81 gold pieces at shops.


Innate Abilities, Weirdness & Mutations

You are very small and have problems with some larger weapons.
You are too small for most types of armour.
You have supernaturally acute eyesight. (SInv)
You cover ground extremely quickly. (Speed+++)


   Skills:
 + Level 2.9 Fighting
 - Level 8.2 Ranged Weapons
 - Level 10.2 Dodging
 - Level 1.5 Stealth
 - Level 4.0 Invocations


You had 7 spell levels left.
You didn't know any spells.
Your spell library was empty.

Inventory:

Hand Weapons
 k - a +0 shortbow of draining (weapon)
Armour
 c - a +1 robe (worn)
 l - a +2 robe of willpower
Jewellery
 j - a ring of resist corrosion (left hand)
 p - an amulet of reflection (around neck)
Wands
 e - a wand of mindburst (11)
Scrolls
 a - 2 scrolls of torment {unknown}
 d - a scroll of fear {unknown}
 h - a scroll of teleportation
Potions
 b - a potion of enlightenment
 f - 2 potions of might
 g - 2 potions of curing
 i - a potion of mutation
 m - a potion of attraction {unknown}
 n - a potion of heal wounds

Dungeon Overview and Level Annotations

Branches:
Dungeon (6/15)             Temple (1/1) D:4

Altars:
Cheibriados
Elyvilon
Fedhas
Gozag
Hepliaklqana
Kikubaaqudgha
Makhleb
Nemelex Xobeh
Okawaru
Qazlal
Sif Muna
Trog
Wu Jian
Xom
Yredelemnul
Zin
The Shining One

Shops:
D:1 [   D:3 (


Message History

You shoot an arrow. The arrow hits the orc.
You kill the orc!
Okawaru accepts your kill.
A steam dragon comes into view.
You shoot an arrow. The steam dragon hisses angrily.
The arrow hits the steam dragon.
The steam dragon is lightly wounded.
You shoot an arrow. The arrow hits the steam dragon.
You drain the steam dragon.
The steam dragon is moderately wounded.
The steam dragon breathes steam at you. The ball of steam misses you.
5183 ||| Stepping ~*~*~tactically~*~*~ (cloud).
You shoot an arrow. The arrow hits the steam dragon!
You drain the steam dragon.
The steam dragon is severely wounded.
You shoot an arrow. The arrow hits the steam dragon.
The steam dragon is almost dead.
The steam dragon breathes steam at you. The ball of steam hits you!!
Ouch! That really hurt!
You hear a shout!
5189 ||| Stepping ~*~*~tactically~*~*~ (cloud).
You start resting.
A steam dragon is nearby!
You shoot an arrow.
The arrow closely misses the steam dragon.
You shoot an arrow.
The arrow closely misses the steam dragon.
You shoot an arrow.
The arrow hits the steam dragon but does no damage.
The steam dragon is almost dead.
The steam dragon breathes steam at you. The ball of steam hits you!
You shoot an arrow. The arrow hits the steam dragon!
You kill the steam dragon!
Okawaru is honoured by your kill.
You are engulfed in a cloud of scalding steam.
You're standing in a cloud of steam!
You are engulfed in a cloud of scalding steam.
You die...

.#..........#
#.#
.##########.#
#)# :# #.#
#.# .# #.#
#.# ## #.#
#.# #.# #.#
#)# #.# #.#
#¤# #.# #@#
#.# #¤# #.#
#¤# #.# #.#
#.####.#
#......#
######.# ###


There were no monsters in sight!

Vanquished Creatures
  Pikel (D:6)
  A troll (D:6)
  A steam dragon (D:6)
  Edmund (D:5)
  Duvessa (D:6)
  An ice beast (D:6)
  An ogre (D:6)
  A phantom (D:5)
  2 scorpions
  Dowan (D:6)
  A bombardier beetle (D:5)
  2 hounds
  A jelly (D:4)
  An orc priest (D:5)
  Jessica (D:2)
  3 iguanas
  Terence (D:2)
  2 gnolls (D:4)
  5 adders
  A white imp (D:6)
  2 ufetubi (D:5)
  A dart slug (D:4)
  A ribbon worm (D:2)
  12 orcs
  5 bats
  2 endoplasms
  3 giant cockroaches
  3 hobgoblins
  4 kobolds
  2 quokkas
  8 ball pythons
  A frilled lizard (D:1)
  5 goblins
  9 rats
87 creatures vanquished.

Vanquished Creatures (others)
  A gnoll (D:4)
1 creature vanquished.

Grand Total: 88 creatures vanquished

Notes
Turn   | Place    | Note
-------+----------+-------------------------------------------
     0 | D:1      | qw the Spriggan Hunter began the quest for the Orb.
     0 | D:1      | Reached XP level 1. HP: 10/10 MP: 2/2
     0 | D:1      | 0 ||| qw: Version: 0.3-a-155-g5e7d8dd
     0 | D:1      | 0 ||| qw: Game counter: 1934
     0 | D:1      | 0 ||| qw: Melee chars always use a shield: true
     0 | D:1      | 0 ||| qw: God list: Okawaru
     0 | D:1      | 0 ||| qw: Allow faded altars: false
     0 | D:1      | 0 ||| qw: Do Orc after clearing Dungeon:15 true
     0 | D:1      | 0 ||| qw: Do second Lair branch before Depths: true
     0 | D:1      | 0 ||| qw: Lair rune preference: random
     0 | D:1      | 0 ||| qw: Goals: Normal
     0 | D:1      | 0 ||| PLANNING D:1-11
   124 | D:1      | Reached skill level 3 in Dodging
   213 | D:1      | Reached XP level 2. HP: 14/14 MP: 3/3
   318 | D:1      | Reached skill level 4 in Dodging
   435 | D:1      | Found Ruakobonn's Antique Armour Shop.
   675 | D:1      | 675 ||| READING scroll labelled CIAJOXZUAF.
   676 | D:1      | 676 ||| READING scroll labelled ILOHOG LYUTO.
   677 | D:1      | 677 ||| DRINKING 2 cyan potions.
   678 | D:1      | 678 ||| DROPPING scroll of butterflies.
   704 | D:2      | 704 ||| STAIRDANCE
   718 | D:2      | Noticed Jessica
   720 | D:2      | Killed Jessica
   721 | D:2      | Reached XP level 3. HP: 18/18 MP: 4/4
   962 | D:2      | Noticed Terence
   981 | D:2      | HP: 4/18 [Terence/+0 mace (1)]
   982 | D:2      | Killed Terence
   983 | D:2      | Reached XP level 4. HP: 6/22 MP: 5/5
  1350 | D:2      | HP: 4/22 [iguana (9)]
  1352 | D:2      | Reached skill level 5 in Dodging
  1728 | D:2      | 1728 ||| UPGRADING to ring of resist corrosion.
  1729 | D:2      | 1729 ||| READING 2 scrolls labelled HAJ FEUFADGHESM.
  1734 | D:2      | 1734 ||| READING scroll labelled QUAGYA TIRA.
  1734 | D:2      | 1734 ||| IDENTIFYING ruby potion
  1810 | D:3      | Found a hazy altar of Hepliaklqana.
  1875 | D:3      | Found Dukimn's Weapon Emporium.
  1883 | D:3      | 1883 ||| BUYING +0 shortbow of draining (81 gold).
  1883 | D:3      | Bought a +0 shortbow of draining for 81 gold pieces
  1883 | D:3      | 1883 ||| SWAPPING to +0 shortbow of draining.
  1884 | D:3      | 1884 ||| DROPPING +0 shortbow.
  1929 | D:3      | Found a faded altar of an unknown god.
  1948 | D:3      | Reached XP level 5. HP: 26/26 MP: 6/6
  2379 | D:3      | 2379 ||| UPGRADING to amulet of reflection.
  2384 | D:3      | 2384 ||| READING scroll labelled KEXOIQ WIQIBLI.
  2385 | D:3      | 2385 ||| READING scroll labelled PEOPNYABRU.
  2385 | D:3      | 2385 ||| ENCHANTING +0 robe.
  2386 | D:3      | 2386 ||| READING scroll labelled DOADAN IMANU.
  2487 | D:3      | 2487 ||| DRINKING 3 clear potions.
  3314 | D:4      | Found a staircase to the Ecumenical Temple.
  3315 | D:4      | 3315 ||| PLANNING TEMPLE
  3315 | D:4      | 3315 ||| DROPPING ring of flight.
  3316 | D:4      | 3316 ||| READING 4 scrolls of identify.
  3316 | D:4      | 3316 ||| IDENTIFYING golden potion
  3317 | D:4      | 3317 ||| READING 3 scrolls of identify.
  3317 | D:4      | 3317 ||| IDENTIFYING blue potion
  3318 | D:4      | 3318 ||| READING 2 scrolls of identify.
  3318 | D:4      | 3318 ||| IDENTIFYING bubbling silvery potion
  3319 | D:4      | 3319 ||| READING scroll of identify.
  3319 | D:4      | 3319 ||| IDENTIFYING murky white potion
  3320 | D:4      | 3320 ||| DROPPING potion of berserk rage.
  3321 | D:4      | 3321 ||| DROPPING potion of magic.
  3322 | D:4      | 3322 ||| DROPPING potion of brilliance.
  3335 | Temple   | Entered the Ecumenical Temple
  3336 | Temple   | 3336 ||| PLANNING OKAWARU WORSHIP
  3353 | Temple   | Became a worshipper of Warmaster Okawaru
  3354 | Temple   | 3354 ||| PLANNING D:1-11
  3385 | D:4      | Reached skill level 6 in Ranged Weapons
  3397 | D:4      | Reached XP level 6. HP: 30/30 MP: 7/7
  3788 | D:5      | Entered Level 5 of the Dungeon
  3788 | D:5      | Noticed Edmund
  3796 | D:5      | Killed Edmund
  3797 | D:5      | Reached skill level 6 in Dodging
  3798 | D:5      | 3798 ||| STAIRDANCE
  3843 | D:5      | Reached * piety under Okawaru
  3903 | D:5      | Reached XP level 7. HP: 35/35 MP: 8/8
  3916 | D:5      | Reached skill level 1 in Invocations
  4313 | D:5      | 4313 ||| READING 2 scrolls of identify.
  4313 | D:5      | 4313 ||| IDENTIFYING inky potion
  4314 | D:5      | 4314 ||| READING scroll of identify.
  4314 | D:5      | 4314 ||| IDENTIFYING yellow potion
  4315 | D:5      | 4315 ||| READING 2 scrolls labelled TUGINY CATORI.
  4316 | D:5      | 4316 ||| DROPPING scroll of amnesia.
  4317 | D:5      | 4317 ||| DROPPING potion of lignification.
  4431 | D:6      | Noticed a troll
  4432 | D:6      | 4432 ||| INVOKING Heroism.
  4441 | D:6      | Killed a troll
  4442 | D:6      | Reached skill level 7 in Dodging
  4442 | D:6      | Reached skill level 3 in Invocations
  4442 | D:6      | 4442 ||| FLEEEEING.
  4443 | D:6      | 4443 ||| FLEEEEING.
  4444 | D:6      | 4444 ||| FLEEEEING.
  4445 | D:6      | 4445 ||| FLEEEEING.
  4446 | D:6      | 4446 ||| FLEEEEING.
  4447 | D:6      | 4447 ||| FLEEEEING.
  4448 | D:6      | 4448 ||| FLEEEEING.
  4449 | D:6      | 4449 ||| FLEEEEING.
  4450 | D:6      | 4450 ||| FLEEEEING.
  4451 | D:6      | 4451 ||| FLEEEEING.
  4452 | D:6      | 4452 ||| FLEEEEING.
  4453 | D:6      | 4453 ||| FLEEEEING.
  4454 | D:6      | 4454 ||| FLEEEEING.
  4455 | D:6      | 4455 ||| FLEEEEING.
  4456 | D:6      | 4456 ||| FLEEEEING.
  4457 | D:6      | 4457 ||| FLEEEEING.
  4458 | D:6      | 4458 ||| FLEEEEING.
  4467 | D:6      | Reached ** piety under Okawaru
  4552 | D:6      | Reached XP level 8. HP: 39/39 MP: 10/12
  4743 | D:6      | Noticed Dowan
  4752 | D:6      | Killed Dowan
  4754 | D:6      | Noticed Duvessa
  4755 | D:6      | 4755 ||| INVOKING Heroism.
  4764 | D:6      | 4764 ||| ZAPPING wand of mindburst (14) at 1,1 (Duvessa;
                  | floor).
  4765 | D:6      | 4765 ||| ZAPPING wand of mindburst (13) at 1,1 (Duvessa;
                  | floor).
  4766 | D:6      | 4766 ||| ZAPPING wand of mindburst (12) at 1,1 (Duvessa;
                  | floor).
  4766 | D:6      | Killed Duvessa
  4865 | D:6      | Noticed Pikel
  4867 | D:6      | 4867 ||| INVOKING Heroism.
  4879 | D:6      | Killed Pikel
  4879 | D:6      | Reached *** piety under Okawaru
  4880 | D:6      | Reached skill level 10 in Dodging
  5183 | D:6      | 5183 ||| Stepping ~*~*~tactically~*~*~ (cloud).
  5189 | D:6      | 5189 ||| Stepping ~*~*~tactically~*~*~ (cloud).
  5196 | D:6      | HP: 3/39 [something (8)]
  5197 | D:6      | Engulfed by a cloud of steam

Levels and vault maps discovered:
D:1:      saegor_arrival_under_anarchy, layout_loops_ring, serial_shops,
          nicolae_shop_waterfront
D:2:      layout_basic, uniq_terence, uniq_jessica
D:3:      layout_basic, overflow_temple_1_default,
          dreamdust_ecumenical_altar_angels_and_demons, serial_shops,
          nicolae_shop_crystal
D:4:      layout_layer_cave, minmay_temple_entry_trees, lemuel_flame_loot_1
D:5:      layout_cave_pools, uniq_edmund
D:6:      kennysheep_spiral_hall, layout_basic, lightli_orcish_oven,
          uniq_duvessa, uniq_pikel
Temple:   nicolae_temple_bog_church

Skill      XL: |  1  2  3  4  5  6  7  8 |
---------------+-------------------------+-----
Dodging        | 3 4 5 6 7 10 | 10.2
Ranged Weapons | 5 6 7 8 |  8.2
Fighting       | 2 |  2.9
Invocations    | 4 |  4.0
Stealth        | |  1.5

Action                     |  1- 3 |  4- 6 |  7- 9 || total
---------------------------+-------+-------+-------++-------
   Fire: Shortbow          |    99 |   117 |   139 ||   355
 Invoke: Heroism           |       |       |     3 ||     3
  Evoke: Wand              |       |       |     3 ||     3
    Use: Scroll            |     2 |     9 |     3 ||    14
         Potion            |     1 |     1 |       ||     2
 Armour: Robe              |    13 |     8 |    17 ||    38
  Dodge: Dodged            |    48 |    31 |    34 ||   113
  Block: Other             |       |     2 |     6 ||     8

Table legend:
 A = Non-vault XP
 B = Vault XP
 C = Vault XP percentage of total XP
 D = Non-vault monster count
 E = Vault monster count
 F = Vault count percentage of total count
                 A         B        C        D         E       F
            +---------+---------+-------+---------+---------+-------
      Total |    1261 |    1450 |  53.5 |      74 |      13 |  14.9
            +---------+---------+-------+---------+---------+-------
        D:1 |      36 |       0 |   0.0 |      23 |       0 |   0.0
        D:2 |      81 |      73 |  47.4 |      13 |       2 |  13.3
        D:3 |      28 |       0 |   0.0 |      10 |       0 |   0.0
        D:4 |     186 |       0 |   0.0 |      12 |       0 |   0.0
        D:5 |     389 |     171 |  30.5 |      10 |       1 |   9.1
        D:6 |     541 |    1206 |  69.0 |       6 |      10 |  62.5
            +---------+---------+-------+---------+---------+-------
